 Dungeon Crawl Stone Soup version 0.30.1-9-gdf580d7c3d (webtiles) character file.

Game seed: 12079759412364046817

1708 KittyFluff the Covered (level 9, -4/82 HPs)
             Began as a Gargoyle Berserker on Oct 7, 2023.
             Was an Elder of Trog.
             Slain by a troll (15 damage)
             ... on level 6 of the Dungeon.
             The game lasted 00:26:55 (5785 turns).

KittyFluff the Covered (Gargoyle Berserker)         Turns: 5785, Time: 00:26:56

Health: -4/82      AC: 11    Str: 25    XL:     9   Next: 3%
Magic:  18/18      EV: 12    Int:  8    God:    Trog [****..]
Gold:   236        SH:  0    Dex:  9    Spells: 8/8 levels left

rFire   + + .        E - +0 mace of Generosity {heavy, Fragile Will+ MP+9}
rCold   . . .        (no shield)
rNeg    + . .        y - +0 leather armour
rPois   ∞            (no helmet)
rElec   +            (no cloak)
rCorr   .            (no gloves)
SInv    .            s - +0 pair of boots
Will    +....        c - amulet of the acrobat Stlth
                     o - ring of protection from fire
HPRegen 0.33/turn    G - ring of protection from fire
MPRegen 0.16/turn

%: acrobat
@: berserking (expiring), very quick
A: sickness immunity, AC +6, negative energy resistance 1, electricity
resistance, torment resistance 1, petrification resistance
a: Renounce Religion, Berserk, Trog's Hand, Brothers in Arms


You were on level 6 of the Dungeon.
You worshipped Trog.
Trog was greatly pleased with you.
You visited 1 branch of the dungeon, and saw 6 of its levels.
You also visited: Sewer.

You collected 275 gold pieces.
You spent 39 gold pieces at shops.

Inventory:

Hand Weapons
 a - a +0 mace
 e - a +0 great mace
 D - a +0 sling
 E - the +0 mace of Generosity (weapon) {heavy, Fragile Will+ MP+9}
   (You found it on level 5 of the Dungeon)

   MP:        It affects your magic capacity (+9).
   Fragile:   It will be destroyed if unequipped.
   Will:      It increases your willpower.
 F - a +0 morningstar
 I - a +0 quarterstaff
Missiles
 h - 10 poisoned darts (quivered)
 m - 6 datura-tipped darts
Armour
 s - a +0 pair of boots (worn)
 y - a +0 leather armour (worn)
Jewellery
 c - an amulet of the acrobat (around neck)
 o - a ring of protection from fire (left hand)
 u - a +6 ring of intelligence
 x - a ring of magical power
 C - a ring of ice
 G - a ring of protection from fire (right hand)
Wands
 b - a wand of iceblast (16)
 J - a wand of acid (3)
 K - a wand of polymorph (10)
Scrolls
 g - 2 scrolls of fear {unknown}
 k - 2 scrolls of silence {unknown}
 l - a scroll of poison
 p - 5 scrolls of teleportation
 r - 4 scrolls of blinking {unknown}
 t - 3 scrolls of enchant weapon {unknown}
 A - a scroll of enchant armour
 B - a scroll of magic mapping
Potions
 d - 5 potions of curing
 f - 3 potions of might
 i - a potion of magic
 j - 4 potions of heal wounds
 n - 2 potions of mutation
 q - 2 potions of lignification
 v - 2 potions of cancellation
 w - 2 potions of ambrosia
 z - a potion of attraction
 H - a potion of flight


   Skills:
 + Level 5.9 Fighting
 * Level 7.2 Maces & Flails
 * Level 7.4 Armour
 + Level 4.0 Dodging


You had 8 spell levels left.
You didn't know any spells.
Your spell library was empty.

Dungeon Overview and Level Annotations

Branches:
Dungeon (6/15)             Temple (0/1) D:4           Sewer (visited)

Altars:
Cheibriados
Fedhas
Kikubaaqudgha
Makhleb
Sif Muna
The Shining One

Shops:
D:6 *:


Innate Abilities, Weirdness & Mutations

You are immune to sickness and miasma.
Your stone body is resilient. (AC +6)
You are immune to poison.
You resist negative energy. (rN+)
You are resistant to electric shocks. (rElec)
You are resistant to unholy torment.
You are immune to petrification.


Message History

There is an open door here.
There is an entrance to Xetaor's General Store here.
p - 5 scrolls of teleportation (gained 1) Thank you for shopping at Xetaor's General Store!
Which direction?
You close the door.
You start resting.
A troll is nearby!
You hit the troll but do no damage. The troll bites you but does no damage.
The troll barely misses you. The troll claws you but does no damage.
You closely miss the troll. The troll bites you!
The troll claws you but does no damage. x2; The troll closely misses you.
The troll claws you but does no damage. The troll misses you.
A red film seems to cover your vision as you go berserk!
You feel yourself moving faster!
You feel mighty! The troll barely misses you.
The troll claws you but does no damage. The troll closely misses you.
You barely miss the troll. The troll barely misses you. The troll misses you.
The troll claws you but does no damage.
You closely miss the troll. The troll misses you.
The troll claws you but does no damage. The troll claws you!
You barely miss the troll. The troll barely misses you. The troll claws you.
The troll claws you but does no damage.
You closely miss the troll. The troll bites you.
* * * LOW HITPOINT WARNING * * *
The troll claws you.
* * * LOW HITPOINT WARNING * * *
The troll claws you!
* * * LOW HITPOINT WARNING * * *
You sock the troll!
The troll is moderately wounded.
The troll completely misses you. The troll barely misses you.
The troll claws you.
* * * LOW HITPOINT WARNING * * *
You hit the troll. You punch the troll.
The troll is heavily wounded.
The troll bites you but does no damage.
The troll claws you but does no damage. x2
You thump the troll!
The troll is severely wounded.
The troll bites you!
You die...

#.....T.......
#.........#..#
#...........##
###..........##
#...........##
#...........# .
#..........## ####
#..$....#+# ...
#.......+@+ #####.#
#.....†.#T## ......#
#..........# #....
#..........# ##(...
#######.##########
##.....
#............###.....#
#.###........##......#
###'###............#...#
#~~.~~##.......#.###...#


You could see a troll.

Vanquished Creatures
  Grinder (D:3)
  A steam dragon (D:6)
  2 water moccasins
  A sky beast (D:4)
  A phantom (D:5)
  Blork the orc (D:5)
  3 bullfrogs
  2 scorpions
  A hound (D:5)
  A gnoll bouda (D:5)
  An orc priest (D:3)
  3 jellies
  Terence (D:2)
  3 orc wizards
  5 gnolls (D:5)
  13 adders
  4 river rats (Sewer)
  2 ufetubi
  A worm (D:2)
  2 dart slugs (D:2)
  8 orcs
  18 ball pythons
  A bat (D:2)
  5 endoplasms
  4 giant cockroaches
  9 goblins
  11 hobgoblins
  3 jackals (D:1)
  6 kobolds
  3 quokkas
  2 frilled lizards
  29 rats
148 creatures vanquished.

Notes
Turn   | Place    | Note
-------+----------+-------------------------------------------
     0 | D:1      | KittyFluff the Gargoyle Berserker began the quest for the
                  | Orb.
     0 | D:1      | Reached XP level 1. HP: 14/14 MP: 1/1
   113 | D:1      | Reached XP level 2. HP: 17/19 MP: 2/2
   394 | D:1      | Reached XP level 3. HP: 16/23 MP: 3/3
   453 | D:1      | Reached ** piety under Trog
   667 | D:2      | Noticed Terence
   685 | D:2      | Killed Terence
   686 | D:2      | Reached XP level 4. HP: 18/29 MP: 4/4
  1091 | D:2      | Found a blossoming altar of Fedhas.
  1302 | D:3      | Noticed a water moccasin
  1320 | D:3      | Killed a water moccasin
  1321 | D:3      | Reached XP level 5. HP: 4/33 MP: 5/5
  1463 | D:3      | You fall into a shaft and drop 2 floors!
  1463 | D:5      | Entered Level 5 of the Dungeon
  1533 | D:5      | Noticed a water moccasin
  1562 | D:5      | Killed a water moccasin
  1563 | D:5      | Reached XP level 6. HP: 19/38 MP: 6/6
  1721 | D:4      | Found a glowing drain.
  1783 | Sewer    | Entered a sewer
  1997 | Sewer    | Reached skill level 5 in Maces & Flails
  2053 | Sewer    | Reached XP level 7. HP: 36/44 MP: 7/7
  2057 | Sewer    | Reached *** piety under Trog
  2233 | Sewer    | Reached skill level 5 in Armour
  2818 | D:3      | Found an ancient bone altar of Kikubaaqudgha.
  3004 | D:3      | Noticed Grinder
  3032 | D:3      | Killed Grinder
  3033 | D:3      | Reached skill level 5 in Fighting
  3033 | D:3      | Reached XP level 8. HP: 17/49 MP: 8/8
  3196 | D:3      | Found a burning altar of Makhleb.
  3560 | D:4      | Found a staircase to the Ecumenical Temple.
  3779 | D:4      | Found a glowing golden altar of the Shining One.
  4994 | D:5      | Found a snail-covered altar of Cheibriados.
  5042 | D:5      | Identified the +0 mace of Generosity {heavy, Fragile Will+
                  | MP+9}
  5194 | D:6      | Noticed Blork the orc
  5209 | D:5      | Killed Blork the orc
  5456 | D:5      | Reached **** piety under Trog
  5594 | D:6      | Noticed a troll
  5629 | D:6      | Found Lilouraa's Vocational Training.
  5712 | D:6      | Found a shimmering blue altar of Sif Muna.
  5740 | D:6      | Reached XP level 9. HP: 22/55 MP: 9/9
  5770 | D:6      | Found Xetaor's General Store.
  5773 | D:6      | Bought a scroll of teleportation for 39 gold pieces
  5785 | D:6      | Slain by a troll

Illustrated notes

Levels and vault maps discovered:
D:1:      evilmike_arrival_plus, layout_rooms, minmay_misc_feat_room
D:2:      wander_river, layout_loops_cross, basic_altar, reono_crystal_passage,
          uniq_terence
D:3:      layout_loops_ring, mainiacjoe_overflow_alcove_2,
          lightli_temple_of_fire, uniq_grinder
D:4:      layout_basic, nicolae_tso_carved_into_rock,
          minmay_temple_entry_overgrown, gup_sewer_entry_glass,
          minmay_misc_feat_rows
D:5:      layout_loops_ring, mainiacjoe_overflow_brackets
D:6:      layout_rooms, nicolae_qazlal_style_of_elements, led_sif_pool,
          serial_shops, nicolae_shop_behind_doors, nicolae_shop_vocational,
          uniq_blork_the_orc

Skill      XL: |  1  2  3  4  5  6  7  8 |
---------------+-------------------------+-----
Armour         | 3 4 6 7 |  7.4
Dodging        | 2 3 4 |  4.0
Fighting       | 4 5 |  5.9
Maces & Flails | 4 5 6 7 |  7.2

Action                     |  1- 3 |  4- 6 |  7- 9 || total
---------------------------+-------+-------+-------++-------
  Melee: Mace              |    99 |   186 |   343 ||   628
         Punch             |     1 |     1 |     3 ||     5
  Throw: Dart              |       |       |     6 ||     6
 Invoke: Berserk           |       |     2 |     4 ||     6
    Use: Scroll            |       |     5 |     9 ||    14
 Armour: Animal skin       |    30 |    59 |   103 ||   192
         Leather armour    |       |       |   104 ||   104
  Dodge: Dodged            |    72 |   129 |   280 ||   481
